 Dungeon Crawl Stone Soup version 0.19-a0-2-g57af7d0 (webtiles) character file.

2297 TheGoonsmith the Grappler (level 9, -4/88 (89) HPs)
             Began as a Troll Monk on Apr 27, 2016.
             Was a Priest of Makhleb.
             Killed from afar by Dowan (9 damage)
             ... with a stone arrow
             ... on level 7 of the Dungeon.
             The game lasted 00:20:36 (4451 turns).

TheGoonsmith the Grappler (Troll Monk)              Turns: 4451, Time: 00:20:37

HP:   -4/88 (89)    AC:  8    Str: 26    XL:     9   Next: 17%
MP:   8/8           EV: 12    Int:  6    God:    Makhleb [***...]
Gold: 336           SH:  3    Dex: 15    Spells: 0 memorised, 8 levels left

rFire  . . .     SeeInvis .       - Unarmed
rCold  . . .     Gourm    +     w - +2 robe {MR+}
rNeg   + . .     Faith    .     (no shield)
rPois  .         Spirit   .     (helmet restricted)
rElec  .         Dismiss  .     n - +0 cloak
rCorr  .         Reflect  +     (gloves unavailable)
SustAt .         Harm     .     (boots unavailable)
MR     +....                    d - +3 amulet of reflection
Stlth  ++........               (no ring)
                                c - ring of positive energy

@: mighty, somewhat resistant to hostile enchantments, unstealthy
A: unfitting armour, claws 3, fast metabolism 3, gourmand, regeneration 2,
shaggy fur 1, tough skin 2
a: Minor Destruction, Lesser Servant of Makhleb, Renounce Religion


You were on level 7 of the Dungeon.
You worshipped Makhleb.
Makhleb was most pleased with you.
You were completely stuffed.

You visited 2 branches of the dungeon, and saw 8 of its levels.

You collected 336 gold pieces.

Inventory:

Missiles
 e - 3 tomahawks
 f - 245 stones (quivered)
 p - 3 large rocks
Armour
 a - a +0 robe
 n - a +0 cloak (worn)
 w - a +2 robe of magic resistance (worn)
Jewellery
 c - a ring of positive energy (left claw)
 d - a +3 amulet of reflection (around neck)
Wands
 v - a wand of confusion (47/48)
 y - a wand of flame (26/48)
Scrolls
 g - a scroll of remove curse
 r - 3 scrolls of identify
 s - a scroll of fog
 x - a scroll of enchant weapon {unknown}
 D - a scroll of magic mapping {unknown}
Potions
 h - a potion of flight {unknown}
 i - a potion of cancellation
 j - 2 potions of might
 k - 2 potions of haste
 l - a potion of experience {unknown}
 o - a potion of curing {unknown}
 t - a potion of agility {unknown}
 u - a potion of cure mutation {unknown}
 z - a potion of lignification {unknown}
 A - 2 potions of ambrosia {unknown}
Comestibles
 b - 5 bread rations
 m - 4 fruits
 q - 3 beef jerkies
 B - a chunk of flesh
 C - a royal jelly


   Skills:
 + Level 5.9 Fighting
 + Level 4.6 Dodging
 - Level 1.1 Stealth
 * Level 10.1 Unarmed Combat


You had 8 spell levels left.
You didn't know any spells.

Dungeon Overview and Level Annotations

Branches:
Dungeon (7/15)             Temple (1/1) D:5

Altars:
Ashenzari
Cheibriados
Dithmenos
Elyvilon
Fedhas
Gozag
Kikubaaqudgha
Makhleb
Nemelex Xobeh
Okawaru
Pakellas
Qazlal
Ru
Sif Muna
Trog
Vehumet
Xom
Yredelemnul
Zin
The Shining One

Shops:
D:4 =

Annotations:
D:7 Dowan


Innate Abilities, Weirdness & Mutations

You are too large for most types of armour.
You have claws for hands.
Your metabolism is lightning-fast.
You like to eat raw meat.
You heal very quickly.
You are covered in fur (AC +1).
You have very tough skin (AC +2).


Message History

The orc warrior hits you with a trident.
You barely miss the orc warrior.
The orc warrior is heavily wounded.
You scratch the orc warrior.
The orc warrior is severely wounded.
Dowan gestures wildly while chanting.
Dowan blinks!
The orc warrior hits you with a trident!
* * * LOW HITPOINT WARNING * * *
Unknown command.
You claw the orc warrior!
You kill the orc warrior!
Makhleb accepts your kill.
You feel better.
Dowan points at you and mumbles some strange words.
The stone arrow hits you!
* * * LOW HITPOINT WARNING * * *
Dowan casts a spell at you. The stone arrow hits you!
You die...

.# .# ... .#
#.# .# ..# .#
#.# .# ..####.#
.# #... .§# .#
..# #)# .# #5
.h# #@# .# #.#
#.# #e# ## #
#.# #.# #.#
#.#.###.###.#.#
#.#......†....#
#.#.###.###.###
###...........#
#.........#####
# #####.#####


You could see Dowan.

Vanquished Creatures
  Menkaure (D:7)
  Duvessa (D:7)
  An ice beast (D:6)
  An orc warrior (D:7)
  A necrophage (D:7)
  3 ogres
  3 giant frogs
  A howler monkey (D:4)
  5 electric eels (D:7)
  6 crimson imps
  A giant frog zombie (D:6)
  A hound (D:5)
  3 giant frog skeletons
  3 orc priests
  2 centaur skeletons
  2 iguanas
  Terence (D:2)
  9 orc wizards
  5 worker ants
  A killer bee zombie (D:6)
  A hound skeleton (D:4)
  4 adders
  3 gnolls (D:4)
  A shadow imp (D:6)
  An ooze (D:2)
  2 adder skeletons (D:6)
  A worm (D:2)
  2 giant geckos (D:1)
  11 orcs
  6 ball pythons
  4 bats
  6 giant cockroaches
  7 goblins
  5 hobgoblins
  10 jackals
  2 quokkas
  A giant cockroach zombie (D:5)
  4 giant newts
  A jackal skeleton (D:4)
  4 kobolds (D:3)
  A quokka zombie (D:6)
  9 rats
137 creatures vanquished.

Vanquished Creatures (others)
  An orc (D:7)
1 creature vanquished.

Grand Total: 138 creatures vanquished

Notes
Turn   | Place    | Note
--------------------------------------------------------------
     0 | D:1      | TheGoonsmith the Troll Monk began the quest for the Orb.
     0 | D:1      | Reached XP level 1. HP: 22/22 MP: 0/0
   280 | D:1      | Reached XP level 2. HP: 28/29 MP: 1/1
   646 | D:2      | Noticed Terence
   656 | D:2      | Killed Terence
   656 | D:2      | Reached XP level 3. HP: 15/36 MP: 2/2
   822 | D:2      | Reached skill level 5 in Unarmed Combat
  1285 | D:3      | Reached XP level 4. HP: 45/45 MP: 3/3
  1567 | D:3      | Reached XP level 5. HP: 53/53 MP: 4/4
  1581 | D:3      | Reached skill level 6 in Unarmed Combat
  1920 | D:4      | Reached XP level 6. HP: 56/62 MP: 5/5
  2083 | D:4      | Found Ibrohapo's Jewellery Shoppe.
  2185 | D:4      | Reached skill level 7 in Unarmed Combat
  2417 | D:5      | Entered Level 5 of the Dungeon
  2450 | D:5      | Reached XP level 7. HP: 53/70 MP: 6/6
  2607 | D:5      | Found a staircase to the Ecumenical Temple.
  2628 | Temple   | Entered the Ecumenical Temple
  2869 | Temple   | Became a worshipper of Makhleb the Destroyer
  2869 | Temple   | Reached * piety under Makhleb
  2869 | Temple   | Reached ** piety under Makhleb
  3045 | D:5      | Found a bloodstained altar of Trog.
  3138 | D:6      | Found a shadowy altar of Dithmenos.
  3146 | D:6      | Found a shattered altar of Ashenzari.
  3154 | D:6      | Reached skill level 8 in Unarmed Combat
  3330 | D:6      | Reached XP level 8. HP: 79/79 MP: 7/7
  3340 | D:6      | Found a shimmering altar of Xom.
  3351 | D:6      | Found a shimmering altar of Xom.
  3364 | D:6      | Found a shimmering altar of Xom.
  3372 | D:6      | Found a shimmering altar of Xom.
  3476 | D:6      | Reached skill level 5 in Fighting
  3746 | D:7      | Reached skill level 9 in Unarmed Combat
  3764 | D:7      | Found a radiant altar of Vehumet.
  3855 | D:7      | Reached *** piety under Makhleb
  4317 | D:7      | Found a white marble altar of Elyvilon.
  4340 | D:7      | Noticed Menkaure
  4354 | D:7      | Killed Menkaure
  4354 | D:7      | Reached XP level 9. HP: 38/88 MP: 8/8
  4421 | D:7      | Reached skill level 10 in Unarmed Combat
  4433 | D:7      | Noticed Duvessa
  4436 | D:7      | Noticed Dowan
  4440 | D:7      | Killed Duvessa
  4451 | D:7      | Killed from afar by Dowan

Vault maps used:
D:1:      saegor_arrival_miasma
D:2:      first_bread, kennysheep_generic_room_2, uniq_terence
D:4:      serial_shops, shop
D:5:      lemuel_crystal_altar, kennysheep_generic_room_14
D:6:      xom_redecorated, grunt_temple_overflow_open
D:7:      vehumet_altar_wand_db, overflow_temple_1_default, the_bakery,
          kennysheep_boxes, uniq_duvessa, uniq_menkaure
Temple:   hc_temple_tempest_star

Skill      XL: |  1  2  3  4  5  6  7  8  9 |
---------------+----------------------------+-----
Unarmed Combat | 5 6 7 8 9 10 | 10.1
Fighting       | 3 4 5 |  5.9
Dodging        | 3 4 |  4.6
Stealth        | |  1.1

Action                   |  1- 3 |  4- 6 |  7- 9 || total
-------------------------+-------+-------+-------++-------
Melee: Unarmed           |    87 |   120 |   190 ||   397
       Punch             |     2 |     4 |     8 ||    14
  Use: Scroll            |       |    13 |     1 ||    14
       Potion            |       |       |     2 ||     2
 Stab: Sleeping          |     2 |     2 |     2 ||     6
  Eat: Chunk             |    10 |    10 |    21 ||    41
       Meat ration       |     1 |       |       ||     1
Armor: Robe              |    17 |    44 |    34 ||    95
Dodge: Dodged            |    37 |    76 |    64 ||   177
Block: Other             |     8 |     9 |    14 ||    31
       Reflection        |       |     1 |       ||     1
